PL
RICHARDSON CITY THUNDERCATS @ VANCOUVER GREY WOLVES
09/13/2026
 
TOP OF THE 1ST
Richardson City Thundercats batting - Pitching for Vancouver Grey Wolves : RHP Nelle Liefting
Pitching: RHP Nelle Liefting
Batting: RHB Juan Cabrera 0-0: Called Strike
0-1: Swinging Strike
0-2: Foul Ball, location: 2F
0-2: Ball
1-2: Strikes out looking
Batting: LHB Fernando Ramírez 0-0: Called Strike
0-1: Ball
1-1: Foul Ball, location: 2F
1-2: Fly out, F7 (Flyball, 7LM)
Batting: LHB Eduardo Álvarez 0-0: Called Strike
0-1: Swinging Strike
0-2: Foul Ball, location: 2F
0-2: Ball
1-2: Strikes out swinging
Top of the 1st over - 0 run(s), 0 hit(s), 0 error(s), 0 left on base; Richardson City 0 - Vancouver 0
BOTTOM OF THE 1ST
Vancouver Grey Wolves batting - Pitching for Richardson City Thundercats : RHP Josef van der Poel
Pitching: RHP Josef van der Poel
Batting: LHB Rick Harrison 0-0: Foul Ball, location: 2F
0-1: Ball
1-1: Foul Ball, location: 2F
1-2: Foul Ball, location: 2F
1-2: Ball
2-2: Ball
3-2: Foul Ball, location: 2F
3-2: Strikes out swinging
Batting: RHB Álex Estrada 0-0: Ground out 5-3 (Groundball, 5)
Batting: RHB Tony Farquharson 0-0: Ball
1-0: Ball
2-0: Called Strike
2-1: Foul Ball, location: 2F
2-2: Ball
3-2: Foul Ball, location: 2F
3-2: Strikes out swinging
Bottom of the 1st over - 0 run(s), 0 hit(s), 0 error(s), 0 left on base; Richardson City 0 - Vancouver 0
TOP OF THE 2ND
Richardson City Thundercats batting - Pitching for Vancouver Grey Wolves : RHP Nelle Liefting
Batting: LHB Terrence Eler 0-0: Swinging Strike
0-1: Ball
1-1: Called Strike
1-2: Ball
2-2: Foul Ball, location: 2F
2-2: Foul Ball, location: 2F
2-2: Strikes out swinging
Batting: RHB Joey Jones 0-0: Ball
1-0: Called Strike
1-1: Ground out 6-3 (Groundball, 6)
Batting: RHB Tomás Martínez 0-0: Swinging Strike
0-1: Called Strike
0-2: Strikes out looking
Top of the 2nd over - 0 run(s), 0 hit(s), 0 error(s), 0 left on base; Richardson City 0 - Vancouver 0
BOTTOM OF THE 2ND
Vancouver Grey Wolves batting - Pitching for Richardson City Thundercats : RHP Josef van der Poel
Batting: RHB Hieu De 0-0: Ball
1-0: Swinging Strike
1-1: Ball
2-1: Foul Ball, location: 2F
2-2: Ball
3-2: Reached on error, E5 (Groundball, 56)
Batting: LHB Thomas Campbell 0-0: Called Strike
0-1: Ball
1-1: Called Strike
1-2: Fly out, F9 (Flyball, 9)
Batting: LHB Tom Cotton 0-0: Ball
1-0: Grounds into double play, 4-6-3 (Groundball, 4)
Bottom of the 2nd over - 0 run(s), 0 hit(s), 1 error(s), 0 left on base; Richardson City 0 - Vancouver 0
TOP OF THE 3RD
Richardson City Thundercats batting - Pitching for Vancouver Grey Wolves : RHP Nelle Liefting
Batting: RHB Alden Wiley 0-0: Bunted foul
0-1: Ball
1-1: Swinging Strike
1-2: Strikes out swinging
Batting: SHB Mitch Qualtrough 0-0: Ball
1-0: Ground out 6-3 (Groundball, 6)
Batting: LHB Carroll Martin 0-0: Ground out 6-3 (Groundball, 6)
Top of the 3rd over - 0 run(s), 0 hit(s), 0 error(s), 0 left on base; Richardson City 0 - Vancouver 0
BOTTOM OF THE 3RD
Vancouver Grey Wolves batting - Pitching for Richardson City Thundercats : RHP Josef van der Poel
Batting: RHB Joaquín Parra 0-0: Called Strike
0-1: Ground out 5-3 (Groundball, 56)
Batting: LHB Francisco Santos 0-0: SINGLE (Groundball, 3D)
Batting: RHB Hank Scorpio 0-0: Ball
1-0: Called Strike
1-1: Grounds into double play, 4-6-3 (Groundball, 4)
Bottom of the 3rd over - 0 run(s), 1 hit(s), 0 error(s), 0 left on base; Richardson City 0 - Vancouver 0
TOP OF THE 4TH
Richardson City Thundercats batting - Pitching for Vancouver Grey Wolves : RHP Nelle Liefting
Batting: RHB Juan Cabrera 0-0: Ball
1-0: Ball
2-0: Ball
3-0: Base on Balls
Batting: LHB Fernando Ramírez 0-0: Ball
1-0: Called Strike
1-1: Swinging Strike
1-2: Ball
2-2: Strikes out swinging
Batting: LHB Eduardo Álvarez 0-0: Foul Ball, location: 2F
0-1: Ball
1-1: Called Strike
1-2: Strikes out looking
Batting: LHB Terrence Eler 0-0: Foul Ball, location: 2F
0-1: Fly out, F8 (Flyball, 8RM)
Top of the 4th over - 0 run(s), 0 hit(s), 0 error(s), 1 left on base; Richardson City 0 - Vancouver 0
BOTTOM OF THE 4TH
Vancouver Grey Wolves batting - Pitching for Richardson City Thundercats : RHP Josef van der Poel
Batting: LHB Rick Harrison 0-0: Ball
1-0: DOUBLE (Groundball, 3L)
Batting: RHB Álex Estrada 0-0: Ball
1-0: Fly out, F8 (Flyball, 89M)
Batting: RHB Tony Farquharson 0-0: Ball
1-0: Foul Ball, location: 2F
1-1: Ball
2-1: Swinging Strike
2-2: Foul Ball, location: 2F
2-2: Ground out 5-3 (Groundball, 56S)
Rick Harrison to third
Batting: RHB Hieu De 0-0: Ball
1-0: Ball
2-0: Ground out 4-3 (Groundball, 4)
Bottom of the 4th over - 0 run(s), 1 hit(s), 0 error(s), 1 left on base; Richardson City 0 - Vancouver 0
TOP OF THE 5TH
Richardson City Thundercats batting - Pitching for Vancouver Grey Wolves : RHP Nelle Liefting
Batting: RHB Joey Jones 0-0: Ball
1-0: SINGLE (Flyball, 78S)
Batting: RHB Tomás Martínez 0-0: Ball
1-0: Swinging Strike
1-1: Sac Bunt - play at first, batter OUT! 1-3
Joey Jones to second
Batting: RHB Alden Wiley 0-0: Ball
1-0: SINGLE (Groundball, 6) (infield hit)
Joey Jones to third
Batting: SHB Mitch Qualtrough 0-0: Swinging Strike
0-1: Ball
1-1: Ball
Alden Wiley is caught stealing 2nd base
2-1: Ground out 4-3 (Groundball, 4)
Top of the 5th over - 0 run(s), 2 hit(s), 0 error(s), 1 left on base; Richardson City 0 - Vancouver 0
BOTTOM OF THE 5TH
Vancouver Grey Wolves batting - Pitching for Richardson City Thundercats : RHP Josef van der Poel
Batting: LHB Thomas Campbell 0-0: Ground out 3-1 (Groundball, 34)
Batting: LHB Tom Cotton 0-0: DOUBLE (Line Drive, 7LM)
Batting: RHB Joaquín Parra 0-0: Ground out 5-3 (Groundball, 56)
Batting: LHB Francisco Santos 0-0: Ball
1-0: Ball
2-0: Foul Ball, location: 2F
2-1: Ball
3-1: Foul Ball, location: 2F
3-2: Fly out, F6 (Line Drive, 6)
Bottom of the 5th over - 0 run(s), 1 hit(s), 0 error(s), 1 left on base; Richardson City 0 - Vancouver 0
TOP OF THE 6TH
Richardson City Thundercats batting - Pitching for Vancouver Grey Wolves : RHP Nelle Liefting
Batting: LHB Carroll Martin 0-0: Called Strike
0-1: SINGLE (Groundball, 15S) (infield hit)
Batting: RHB Juan Cabrera 0-0: Ball
1-0: Foul Ball, location: 2F
1-1: Called Strike
1-2: Fly out, F3 (Popup, 34)
Batting: LHB Fernando Ramírez 0-0: Foul Ball, location: 2F
0-1: Called Strike
0-2: Ball
1-2: 2-RUN HOME RUN (Flyball, 78XD), Distance : 388 ft
Batting: LHB Eduardo Álvarez 0-0: Swinging Strike
0-1: Ball
1-1: Swinging Strike
1-2: Foul Ball, location: 2F
1-2: Ball
2-2: Strikes out swinging
Batting: LHB Terrence Eler 0-0: Called Strike
0-1: Ground out 3-1 (Groundball, 34)
Top of the 6th over - 2 run(s), 2 hit(s), 0 error(s), 0 left on base; Richardson City 2 - Vancouver 0
BOTTOM OF THE 6TH
Vancouver Grey Wolves batting - Pitching for Richardson City Thundercats : RHP Josef van der Poel
Batting: RHB Hank Scorpio 0-0: Ball
1-0: Ball
2-0: Ball
3-0: Called Strike
3-1: Foul Ball, location: 2F
3-2: Ground out 3-1 (Groundball, 34)
Batting: LHB Rick Harrison 0-0: Ball
1-0: Called Strike
1-1: Swinging Strike
1-2: Strikes out swinging
Batting: RHB Álex Estrada 0-0: SINGLE (Groundball, 56D)
Batting: RHB Tony Farquharson 0-0: Ball
1-0: Called Strike
Álex Estrada steals 2nd base
1-1: Swinging Strike
1-2: Foul Ball, location: 2F
1-2: Ground out 5-3 (Groundball, 56S)
Bottom of the 6th over - 0 run(s), 1 hit(s), 0 error(s), 1 left on base; Richardson City 2 - Vancouver 0
TOP OF THE 7TH
Richardson City Thundercats batting - Pitching for Vancouver Grey Wolves : RHP Nelle Liefting
Batting: RHB Joey Jones 0-0: Called Strike
0-1: Ball
1-1: Fly out, F8 (Flyball, 8LM)
Batting: RHB Tomás Martínez 0-0: Ball
1-0: Called Strike
1-1: Foul Ball, location: 2F
1-2: Ground out 4-3 (Groundball, 6MD)
Batting: RHB Alden Wiley 0-0: Ball
1-0: Ground out 6-3 (Groundball, 6)
Top of the 7th over - 0 run(s), 0 hit(s), 0 error(s), 0 left on base; Richardson City 2 - Vancouver 0
BOTTOM OF THE 7TH
Vancouver Grey Wolves batting - Pitching for Richardson City Thundercats : RHP Josef van der Poel
Batting: RHB Hieu De 0-0: Ground out U3 (Groundball, 3)
Batting: LHB Thomas Campbell 0-0: Ball
1-0: Ball
2-0: Ground out 4-3 (Groundball, 4)
Batting: LHB Tom Cotton 0-0: Hit by Pitch
Batting: RHB Joaquín Parra 0-0: Ball
1-0: Called Strike
1-1: Swinging Strike
1-2: Hit by Pitch
Tom Cotton to second
Batting: LHB Francisco Santos 0-0: Foul Ball, location: 2F
0-1: Fielders Choice at 2nd, 4-6 (Groundball, 4)
Bottom of the 7th over - 0 run(s), 0 hit(s), 0 error(s), 1 left on base; Richardson City 2 - Vancouver 0
TOP OF THE 8TH
Richardson City Thundercats batting - Pitching for Vancouver Grey Wolves : RHP Nelle Liefting
Batting: SHB Mitch Qualtrough 0-0: Called Strike
0-1: SINGLE (Line Drive, 4M)
Batting: LHB Carroll Martin 0-0: Ball
1-0: Swinging Strike
1-1: Fly out, F7 (Flyball, 78M)
Batting: RHB Juan Cabrera 0-0: Called Strike
Mitch Qualtrough steals 2nd base
0-1: Ground out 6-3 (Groundball, 56)
Batting: LHB Fernando Ramírez 0-0: Foul Ball, location: 2F
0-1: Ball
1-1: Ball
2-1: Ball
3-1: 2-RUN HOME RUN (Flyball, 9D), Distance : 357 ft
Batting: LHB Eduardo Álvarez 0-0: Swinging Strike
0-1: Ball
1-1: Ground out 4-3 (Groundball, 34)
Top of the 8th over - 2 run(s), 2 hit(s), 0 error(s), 0 left on base; Richardson City 4 - Vancouver 0
BOTTOM OF THE 8TH
Vancouver Grey Wolves batting - Pitching for Richardson City Thundercats : RHP Josef van der Poel
Batting: RHB Hank Scorpio 0-0: Ball
1-0: Ball
2-0: Called Strike
2-1: Ball
3-1: Reaches on Catchers interference
Batting: LHB Rick Harrison 0-0: Called Strike
0-1: Foul Ball, location: 2F
0-2: Grounds into double play, 4-3-6 (Groundball, 34)
Batting: RHB Álex Estrada 0-0: Called Strike
0-1: Foul Ball, location: 2F
0-2: Ball
1-2: Ball
2-2: Foul Ball, location: 2F
2-2: Strikes out swinging
Bottom of the 8th over - 0 run(s), 0 hit(s), 1 error(s), 0 left on base; Richardson City 4 - Vancouver 0
TOP OF THE 9TH
Richardson City Thundercats batting - Pitching for Vancouver Grey Wolves : RHP Nelle Liefting
Batting: LHB Terrence Eler 0-0: Ground out U3 (Groundball, 3L)
Batting: RHB Joey Jones 0-0: Ball
1-0: Called Strike
1-1: Ball
2-1: Ball
3-1: SINGLE (Groundball, 25) (infield hit)
Pitching: RHP Armando Martínez
Batting: RHB Tomás Martínez 0-0: Ball
1-0: Foul Ball, location: 2F
1-1: SINGLE (Groundball, 6MD)
Joey Jones to second
Runner from 2nd tries for 3rd, SAFE, throw made to third
Batting: RHB Alden Wiley 0-0: Ball
1-0: Ball
Wild Pitch!
Joey Jones scores
Tomás Martínez to second
2-0: Called Strike
2-1: Ball
3-1: Base on Balls
Batting: SHB Mitch Qualtrough 0-0: Foul Ball, location: 2F
0-1: Ball
1-1: Ball
2-1: Ball
3-1: Base on Balls
Tomás Martínez to third
Alden Wiley to second
Batting: LHB Carroll Martin 0-0: Ball
1-0: Ball
2-0: SINGLE (Groundball, 4MD)
Tomás Martínez scores
Alden Wiley to third
Mitch Qualtrough to second
Runner from 3rd tries for Home, throw and OUT!
Mitch Qualtrough to third
Carroll Martin to second
Batting: RHB Juan Cabrera 0-0: Ball
1-0: Ball
Wild Pitch!
Mitch Qualtrough scores
Carroll Martin to third
2-0: SINGLE (Flyball, 8RS)
Carroll Martin scores
Batting: LHB Fernando Ramírez 0-0: Ball
1-0: Fly out, F8 (Flyball, 78M)
Top of the 9th over - 4 run(s), 4 hit(s), 0 error(s), 1 left on base; Richardson City 8 - Vancouver 0
BOTTOM OF THE 9TH
Vancouver Grey Wolves batting - Pitching for Richardson City Thundercats : RHP Josef van der Poel
Batting: RHB Tony Farquharson 0-0: Fly out, F4 (Popup, 34D)
Batting: RHB Hieu De 0-0: Ball
1-0: Fly out, F4 (Line Drive, 4)
Batting: LHB Thomas Campbell 0-0: Fly out, F7 (Flyball, 78M)
Bottom of the 9th over - 0 run(s), 0 hit(s), 0 error(s), 0 left on base; Richardson City 8 - Vancouver 0
Monday, March 20th, 2017 - OOTP Baseball 17.12 Build 75